 Dungeon Crawl Stone Soup version 0.22.0-49-gab54619 (webtiles) character file.

1796 Fang the Cleaver (level 9, -2/55 HPs)
             Began as a Gargoyle Berserker on Sept 7, 2018.
             Was an Elder of Trog.
             Slain by an ogre
             ... wielding a +0 giant club
              (20 damage)
             ... on level 6 of the Dungeon.
             The game lasted 00:07:35 (4958 turns).

Fang the Cleaver (Gargoyle Berserker)               Turns: 4958, Time: 00:07:35

Health: -2/55      AC: 20    Str: 25    XL:     9   Next: 9%
Magic:  9/9        EV:  9    Int:  7    God:    Trog [****..]
Gold:   237        SH:  0    Dex:  9    Spells: 8/8 levels left

rFire    . . .     SeeInvis .   a - +0 hand axe
rCold    . . .     Gourm    .   (no shield)
rNeg     + . .     Faith    .   q - +3 chain mail
rPois    ∞         Spirit   .   (no helmet)
rElec    +         Reflect  .   (no cloak)
rCorr    .         Harm     +   s - +0 pair of gloves (curse)
MR       .....                  (no boots)
Stlth    ..........             b - amulet of harm
HPRegen  0.18/turn              (no ring)
MPRegen  0.11/turn              (no ring)

@: no status effects
A: negative energy resistance 1, electricity resistance, unbreathing,
petrification resistance, rot immunity, AC +6
a: Berserk, Trog's Hand, Brothers in Arms, Renounce Religion


You were on level 6 of the Dungeon.
You worshipped Trog.
Trog was greatly pleased with you.
You were not hungry.

You visited 1 branch of the dungeon, and saw 6 of its levels.

You collected 237 gold pieces.

Inventory:

Hand Weapons
 a - a +0 hand axe (weapon)
Armour
 q - a +3 chain mail (worn)
 s - a cursed +0 pair of gloves (worn)
Jewellery
 b - an amulet of harm (around neck)
Wands
 n - a wand of disintegration (8)
Scrolls
 d - 12 scrolls of identify {unknown}
 e - 5 scrolls of fog {unknown}
 f - a scroll of blinking {unknown}
 g - 3 scrolls of noise {unknown}
 h - 4 scrolls of remove curse {unknown}
 i - 2 scrolls of immolation {unknown}
 j - a scroll of random uselessness {unknown}
 k - a scroll of teleportation {unknown}
 l - a scroll of enchant weapon {unknown}
 x - a scroll of magic mapping {unknown}
 y - a scroll of vulnerability {unknown}
Potions
 m - a potion of flight {unknown}
 o - a potion of haste {unknown}
 p - 2 potions of degeneration {unknown}
 r - a potion of resistance
 t - a potion of invisibility {unknown}
 u - a potion of heal wounds {unknown}
 v - a potion of magic {unknown}
 w - a potion of curing
Comestibles
 c - 14 rations


   Skills:
 + Level 6.0 Fighting
 + Level 8.5 Axes
 + Level 5.2 Armour
 + Level 3.1 Dodging
 + Level 1.2 Stealth


You had 8 spell levels left.
You didn't know any spells.
Your spell library was empty.

Dungeon Overview and Level Annotations

Branches:
Dungeon (6/15)
 Temple: D:4-7

Altars:
Ashenzari
Dithmenos
Fedhas
Nemelex Xobeh
Zin

Shops:
D:4 *


Innate Abilities, Weirdness & Mutations

You are resistant to torment.
Your stone body is resilient. (AC +6)
You are immune to poison.
You resist negative energy. (rN+)
You are resistant to electric shocks. (rElec)
You can survive without breathing.
You are immune to petrification.
You are immune to rotting.


Message History

You hit the ogre.
The ogre is heavily wounded.
The ogre barely misses you.
You hit the ogre.
The ogre is severely wounded.
The ogre hits you with a giant club!
You are too injured to fight recklessly!
You are too injured to fight recklessly!
You are too injured to fight recklessly!
You are too injured to fight recklessly!
You are too injured to fight recklessly!
You are too injured to fight recklessly!
You are too injured to fight recklessly!
You are too injured to fight recklessly!
You are too injured to fight recklessly!
You are too injured to fight recklessly!
You hit the ogre.
The ogre is severely wounded.
The ogre hits you with a giant club!
You die...

#...##......# .....
#...##......#####.......
#.......................
#.......................
#.......................
#.......................
###.....................
#............$........
#..........##.@.......
#..........##..O...###
#####......##......#
#....###.......# #....#
...###### #....##...#
#....##..≈# #....##..≈#
#....#


You could see an ogre.

Vanquished Creatures
  Pikel (D:6)
  Duvessa (D:5)
  A black bear (D:6)
  3 slaves (D:6)
  2 ogres (D:5)
  Dowan (D:5)
  2 scorpions
  4 killer bees (D:5)
  A crimson imp (D:5)
  A bullfrog zombie (D:5)
  2 hounds
  2 orc priests
  3 bullfrog skeletons
  An iguana (D:5)
  2 orc wizards (D:5)
  4 worker ants
  A hound skeleton (D:5)
  Robin (D:2)
  3 gnolls (D:5)
  7 adders
  A shadow imp (D:5)
  An adder zombie (D:5)
  2 worms
  A dart slug (D:1)
  9 leopard geckos
  8 orcs
  A ball python (D:1)
  10 bats
  2 giant cockroaches
  14 goblins
  13 hobgoblins
  2 quokkas
  A ball python skeleton (D:3)
  3 frilled lizards
  10 kobolds
  8 rats
129 creatures vanquished.

Vanquished Creatures (others)
  2 wights (D:6)
  A centaur skeleton (D:6)
  A leopard gecko (D:6)
  A plant (D:1)
5 creatures vanquished.

Grand Total: 134 creatures vanquished

Notes
Turn   | Place    | Note
-------+----------+-------------------------------------------
     0 | D:1      | Fang the Gargoyle Berserker began the quest for the Orb.
     0 | D:1      | Reached XP level 1. HP: 14/14 MP: 1/1
   138 | D:1      | Reached XP level 2. HP: 17/19 MP: 2/2
   208 | D:1      | Reached skill level 3 in Axes
   264 | D:1      | Reached XP level 3. HP: 21/24 MP: 3/3
   303 | D:1      | Reached ** piety under Trog
   845 | D:2      | Noticed Robin
   883 | D:2      | Reached XP level 4. HP: 8/29 MP: 4/4
   885 | D:2      | Killed Robin
  1155 | D:2      | Found a blossoming altar of Fedhas.
  1966 | D:3      | Found a shattered altar of Ashenzari.
  2101 | D:3      | Reached XP level 5. HP: 30/34 MP: 5/5
  2254 | D:3      | Reached *** piety under Trog
  2254 | D:3      | Reached skill level 4 in Axes
  2545 | D:4      | Found a sparkling altar of Nemelex Xobeh.
  2592 | D:4      | Reached XP level 6. HP: 29/39 MP: 6/6
  2956 | D:4      | Found Ixell's General Store.
  3016 | D:4      | Reached skill level 5 in Axes
  3411 | D:5      | Entered Level 5 of the Dungeon
  3422 | D:5      | Noticed Duvessa
  3445 | D:5      | Killed Duvessa
  3445 | D:5      | Reached skill level 5 in Fighting
  3445 | D:5      | Reached XP level 7. HP: 44/44 MP: 7/7
  3514 | D:5      | Noticed Dowan
  3528 | D:5      | Killed Dowan
  3645 | D:5      | Reached skill level 6 in Axes
  3965 | D:5      | Reached XP level 8. HP: 16/50 MP: 8/8
  4417 | D:5      | Found a shadowy altar of Dithmenos.
  4423 | D:5      | Reached skill level 7 in Axes
  4423 | D:5      | Reached **** piety under Trog
  4524 | D:5      | Found a glowing silver altar of Zin.
  4549 | D:5      | Reached skill level 1 in Stealth
  4762 | D:6      | Noticed Pikel
  4781 | D:6      | Killed Pikel
  4781 | D:6      | Reached skill level 8 in Axes
  4781 | D:6      | Reached XP level 9. HP: 55/55 MP: 9/9
  4919 | D:6      | Reached skill level 5 in Armour
  4958 | D:6      | Slain by an ogre

Skill      XL: |  1  2  3  4  5  6  7  8  9 |
---------------+----------------------------+-----
Axes           | 3 4 5 6 8 |  8.5
Dodging        | 2 3 |  3.1
Fighting       | 4 5 6 |  6.0
Armour         | 3 4 5 |  5.2
Stealth        | 1 |  1.2

Action                   |  1- 3 |  4- 6 |  7- 9 || total
-------------------------+-------+-------+-------++-------
Melee: Hand axe          |   133 |   198 |   153 ||   484
Invok: Berserk           |     1 |     3 |     4 ||     8
  Use: Potion            |     1 |       |       ||     1
  Eat: Chunk             |       |    10 |     7 ||    17
       Ration            |       |       |     1 ||     1
Armor: Animal skin       |    55 |    29 |       ||    84
       Chain mail        |       |    85 |    93 ||   178
Dodge: Dodged            |   117 |   111 |    74 ||   302
